 Dungeon Crawl Stone Soup version 0.30-a0-29-g142975f185 (webtiles) character file.

Game seed: 6160643428046569975

114305 ytrimaz the Severer (level 17, -7/144 HPs)
             Began as a Formicid Fighter on Aug 26, 2022.
             Was a High Priest of Okawaru.
             Killed from afar by Frances (33 damage)
             ... with an iron shot
             ... on level 2 of the Swamp.
             The game lasted 00:36:05 (20660 turns).

ytrimaz the Severer (Formicid Fighter)             Turns: 20660, Time: 00:36:05

Health: -7/144     AC: 24    Str: 28    XL:     17   Next: 20%
Magic:  9/23       EV: 13    Int: 12    God:    Okawaru [*****.]
Gold:   2076       SH: 19    Dex: 17    Spells: 14/16 levels left

rFire   . . .      SeeInvis +    Q - +2 battleaxe (drain)
rCold   + . .      Faith    .    a - +0 tower shield {rN+}
rNeg    + . .      Spirit   .    z - +0 plate armour
rPois   .          Reflect  .    (helmet unavailable)
rElec   .          Harm     .    A - +0 cloak
rCorr   .          Rampage  .    (no gloves)
Will    ++...                    T - +3 pair of mountain boots {steadfast, rC+}
Stlth   ..........               h - amulet of regeneration
HPRegen 1.14/turn                t - +6 ring of dexterity
MPRegen 0.18/turn                P - ring "Yzeme" {Will+ EV+4 Int+3 Dex-2}

@: heroic, finesse-ful
A: permanent stasis, dig shafts and tunnels, antennae 3, four strong arms
a: Dig, Shaft Self, Renounce Religion, Heroism, Finesse, Duel


You were on level 2 of the Swamp.
You worshipped Okawaru.
Okawaru was extremely pleased with you.
You visited 5 branches of the dungeon, and saw 24 of its levels.
You also visited: Gauntlet and Ice Cave.

You collected 2076 gold pieces.

Inventory:

Hand Weapons
 e - a +2 vorpal battleaxe
 L - the +5 war axe of Demonkind {holy, Str+3 Int+3}
   (Okawaru gifted it to you on level 4 of the Lair of Beasts)

   It has been blessed by the Shining One to cause great damage to the undead
   and demons.
   Str:       It affects your strength (+3).
   Int:       It affects your intelligence (+3).
 Q - a +2 battleaxe of draining (weapon)
Missiles
 w - 3 throwing nets
 D - 10 boomerangs (quivered)
 S - 5 silver javelins
Armour
 a - a +0 tower shield of positive energy (worn)
 k - the +3 warlock's mirror {reflect}
   (You found it on level 5 of the Dungeon)

   It can block and reflect piercing ranged attacks and magical attacks against
   the wielder's willpower.
 z - a +0 plate armour (worn)
 A - a +0 cloak (worn)
 E - a +2 kite shield of protection
 N - a +0 tower shield
 T - the +3 pair of mountain boots (worn) {steadfast, rC+}
   (Okawaru gifted it to you on level 15 of the Dungeon)

   It prevents involuntary movement, except for blinking, teleportation, or
   banishment.
   rC:        It protects you from cold.
Jewellery
 h - an amulet of regeneration (around neck)
 t - a +6 ring of dexterity (left hand)
 C - an amulet of magic regeneration
 P - the ring "Yzeme" (right hand) {Will+ EV+4 Int+3 Dex-2}
   (You found it in a Gauntlet)

   [ring of evasion]

   EV:        It affects your evasion (+4).
   Int:       It affects your intelligence (+3).
   Dex:       It affects your dexterity (-2).
   Will:      It increases your willpower.
Wands
 b - a wand of roots (6)
 r - a wand of mindburst (33)
 B - a wand of flame (69)
 F - a wand of light (17)
 I - a wand of digging (12)
 W - a wand of polymorph (2)
Scrolls
 c - a scroll of brand weapon
 d - 2 scrolls of torment
 i - 2 scrolls of magic mapping
 q - 4 scrolls of enchant armour
 v - 2 scrolls of immolation
 x - 2 scrolls of vulnerability
 y - a scroll of amnesia
 G - a scroll of fear
 H - 6 scrolls of identify
 K - a scroll of enchant weapon
 M - a scroll of silence
Potions
 f - 8 potions of attraction
 g - 7 potions of lignification
 j - a potion of cancellation
 l - 3 potions of brilliance
 o - 3 potions of mutation
 p - 3 potions of curing
 s - 2 potions of flight
 u - 2 potions of magic
 J - a potion of invisibility
Miscellaneous
 X - a lightning rod (4/4)


   Skills:
 - Level 16.0(21.0) Fighting
 - Level 20.0(25.0) Axes
 - Level 8.0(13.0) Throwing
 + Level 12.7(17.7) Armour
 + Level 9.1(14.1) Shields
 - Level 8.0 Invocations


You had 14 spell levels left.
You knew the following spells:

 Your Spells              Type           Power      Damage    Failure   Level
a - Wereblood             Tmut           0%         N/A       100%        2

Your spell library contained the following spells:

 Spells                   Type           Power      Damage    Failure   Level
 Apportation              Tloc           0%         N/A       99%         1
 Beastly Appendage        Tmut           0%         N/A       99%         1
 Necrotise                Necr           0%         1d4       99%         1
 Gell's Gravitas          Tloc           0%         N/A       100%        3
 Lesser Beckoning         Tloc           0%         N/A       100%        3
 Spider Form              Tmut/Pois      0%         N/A       100%        3
 Stone Arrow              Conj/Erth      0%         3d7       100%        3
 Teleport Other           Tloc           0%         N/A       100%        3
 Vampiric Draining        Necr           0%         2d6       100%        3
 Anguish                  Hex/Necr       0%         N/A       100%        4
 Corpse Rot               Necr/Pois/Air  0%         N/A       100%        4
 Dispel Undead            Necr           0%         3d6       100%        4
 Hailstorm                Conj/Ice       0%         3d3       100%        4
 Ice Form                 Ice/Tmut       0%         N/A       100%        4
 Petrify                  Tmut/Erth      0%         N/A       100%        4
 Borgnjor's Vile Clutch   Necr/Erth      0%         N/A       100%        5
 Manifold Assault         Tloc           0%         N/A       100%        5
 Metabolic Englaciation   Hex/Ice        0%         N/A       100%        5
 Dispersal                Tloc           0%         N/A       100%        6
 Statue Form              Tmut/Erth      0%         N/A       100%        6
 Enfeeble                 Hex            0%         N/A       100%        7
 Summon Small Mammal      Summ           Unusable   N/A       N/A         1
 Blink                    Tloc           Unusable   N/A       N/A         2
 Death Channel            Necr           Unusable   N/A       N/A         6
 Simulacrum               Ice/Necr       Unusable   N/A       N/A         6

Dungeon Overview and Level Annotations

Branches:
Dungeon (15/15)            Temple (1/1) D:7            Lair (4/5) D:8
  Swamp (2/4) Lair:3        Snake (0/4) Lair:2        Slime (0/5) Lair:4
    Orc (2/2) D:12            Elf (0/3) Orc:2        Vaults (0/5) D:14
 Depths (0/4) D:15          IceCv (visited)         Gauntlet (visited)

Altars:
Ashenzari
Cheibriados
Dithmenos
Elyvilon
Fedhas
Gozag
Hepliaklqana
Kikubaaqudgha
Makhleb
Nemelex Xobeh
Okawaru
Qazlal
Ru
Sif Muna
Trog
Uskayaw
Vehumet
Wu Jian
Xom
Yredelemnul
Zin
The Shining One

Shops:
D:10 =:*   D:14 :   Orc:2 [(=

Annotations:
D:6 1 runed translucent door, hikkokomori's ghost, novice GrEE
Lair:1 exclusion: oklob plant
Lair:3 exclusion: oklob plant
Lair:4 1 runed translucent door
Swamp:2 Frances


Innate Abilities, Weirdness & Mutations

You cannot be hasted, slowed, berserked, paralysed or teleported.
You can dig through walls and to a lower floor.
You have a pair of large antennae on your head. (SInv)
Your four strong arms can wield two-handed weapons with a shield.


Message History

The swamp dragon is almost dead.
You barely miss the eleionoma.
You feel sick.
Unknown command.
You barely miss the swamp dragon.
The swamp dragon is almost dead.
You closely miss the eleionoma. You block the eleionoma's attack.
Unknown command.
You slice the eleionoma!! You drain the eleionoma.
The eleionoma is heavily wounded.
You hit the swamp dragon.
You kill the swamp dragon!
Okawaru accepts your kill.
You feel sick.
Unknown command.
You slash the eleionoma!
The eleionoma is heavily wounded.
You closely miss the will-o-the-wisp. You block the eleionoma's attack.
Unknown command.
You carve the will-o-the-wisp like a ham!!!
The will-o-the-wisp is almost destroyed.
You slash the eleionoma!
You feel sick.
You are no longer poisoned.
The will-o-the-wisp gestures.
The will-o-the-wisp conjures some foxfire! 2 foxfires come into view.
You completely miss the will-o-the-wisp.
The will-o-the-wisp is almost destroyed.
You barely miss the foxfire. You hit the foxfire. You slice Frances!!
You drain Frances. You hit the eleionoma. The foxfire hits you.
* * * LOW HITPOINT WARNING * * *
The foxfire hits you!!
* * * LOW HITPOINT WARNING * * *
The eleionoma touches a tree and draws upon its vitality.
The eleionoma is healed.
Unknown command.
Unknown command.
You feel much better.
Frances whispers indecipherable words.
The iron shot hits you!!
You die...

~♣ ♣.~~.♣ R .♣
♣♣~~~§♣♣♣♣♣♣ §~) .♣
♣~~~.~~♣~~~♣♣♣§.@.~ >♣
♣~~..~.♣~.†.~.§§♣ .♣♣
♣♣§~~~~~♣..~≈≈≈~~~~~ ~.♣
♣♣~).~.~~.~≈≈≈≈≈≈≈~.~
~♣♣
♣♣.~~.♣♣.§.~≈≈≈≈≈≈≈~.~
)♣
♣~~~~.♣♣.@n≈≈≈~~~≈≈≈.♣
~♣
♣♣~~§~§♣♣.@v~≈≈.<~≈≈≈~♣
.♣♣♣
♣♣..§~~~♣♣♣R§≈≈≈..~≈≈~x.
~♣.♣♣♣~..~~~~♣
♣.~~≈≈≈≈~≈≈~..
..~...~~~.~~.♣
♣...≈≈≈~~≈≈~
~~§~~.~~)...~♣
♣....~≈~§~
~~..~~~.....~♣ ♣~.♣....~
~~~~~.~♣♣...♣♣ ♣♣.♣♣♣♣..
...~~~♣♣♣♣♣.♣ ~♣ ~.
.~...~♣ ♣.♣


You could see Frances (drained), an eleionoma (drained), a will-o-the-wisp and a
bloated husk.

Vanquished Creatures
  Mlioglotl (Arena)
  Agnes (D:15)
  Gastronok (D:9)
  Kirke (D:14)
  A stone giant (D:15)
  An eleionoma (Swamp:2)
  2 bunyips (Swamp:2)
  A minotaur (Gauntlet)
  A shambling mangrove (Swamp:2)
  3 boulder beetles
  3 vault guards (D:14)
  A rakshasa (D:15)
  8 hydras
  2 ghost crabs
  5 ogre magi
  10 alligators
  4 centaur warriors
  22 two-headed ogres
  5 tengu warriors
  5 death yaks (Lair:4)
  A fire crab (shapeshifter) (D:13)
  2 swamp dragons (Swamp:2)
  5 bog bodies
  3 goliath frogs
  A wizard (D:15)
  A lindwurm (Lair:3)
  An orc knight (D:15)
  3 deep elf pyromancers
  17 ugly things
  An orc sorcerer (Orc:2)
  3 manticores
  A cyclops (Orc:1)
  A black mamba (Lair:3)
  22 elephants
  A gargoyle (D:13)
  Maurice (D:12)
  An ice statue (Gauntlet)
  11 cane toads
  A torpor snail (Lair:4)
  5 rime drakes
  An efreet (D:13)
  3 komodo dragons
  A yaktaur (D:15)
  5 tyrant leeches
  A polar bear (shapeshifter) (D:14)
  2 polar bears
  5 hornets (Swamp:2)
  6 trolls
  4 slime creatures (D:12)
  19 blink frogs
  10 dream sheep
  4 shadows (Gauntlet)
  3 spriggans (Swamp:2)
  5 wraiths
  A centaur simulacrum (D:14)
  34 yaks
  2 wyverns
  5 hogs (D:14)
  8 humans (D:14)
  7 basilisks
  A steam dragon (Lair:3)
  7 vampire mosquitoes
  2 nagas (Lair:2)
  3 wargs
  6 swamp worms
  10 water moccasins
  An acid dragon (D:11)
  13 orc warriors
  A meliai simulacrum (D:14)
  A sky beast (D:6)
  2 ice beasts
  4 black bears
  25 ogres
  A phantom (D:4)
  7 centaurs
  21 wolves
  A kobold brigand (D:6)
  Blork the orc (D:6)
  14 bullfrogs
  3 gnoll sergeants
  6 scorpions
  13 wights
  9 killer bees
  An electric eel (Lair:3)
  8 howler monkeys
  14 orc priests
  A hound (D:4)
  5 jellies
  4 gnoll boudas
  4 iguanas
  19 orc wizards
  35 gnolls
  9 adders
  2 shadow imps
  2 white imps (D:7)
  3 ufetubi
  A worm (D:2)
  2 dart slugs (D:2)
  70 orcs
  22 endoplasms
  2 giant cockroaches
  7 goblins
  8 hobgoblins
  13 jackals
  10 kobolds
  2 quokkas
  4 ball pythons
  9 bats
  4 frilled lizards
  3 rats
  A butterfly (Lair:1)
703 creatures vanquished.

Vanquished Creatures (others)
  Sonja (D:12)
  A bloated husk (Swamp:1)
  A human (D:14)
  A swamp drake (Swamp:1)
  An orc (Orc:2)
  22 demonic plants (Gauntlet)
  6 foxfires (Swamp:2)
  36 fungi
  33 plants
102 creatures vanquished.

Grand Total: 805 creatures vanquished

Notes
Turn   | Place    | Note
-------+----------+-------------------------------------------
     0 | D:1      | ytrimaz the Formicid Fighter began the quest for the Orb.
     0 | D:1      | Reached XP level 1. HP: 18/18 MP: 1/1
   130 | D:1      | Reached XP level 2. HP: 21/24 MP: 2/2
   361 | D:1      | Found a faded altar of an unknown god.
   901 | D:2      | Reached XP level 3. HP: 29/29 MP: 3/3
   988 | D:2      | Got Zaqefuoh's Tractate on Damaging Necromancy
  1068 | D:2      | Reached skill level 3 in Axes
  1344 | D:2      | Reached XP level 4. HP: 35/35 MP: 4/4
  1724 | D:3      | Reached skill level 4 in Axes
  1724 | D:3      | Reached XP level 5. HP: 35/41 MP: 5/5
  1784 | D:3      | Reached XP level 6. HP: 36/47 MP: 6/6
  1995 | D:3      | Reached skill level 5 in Axes
  2383 | D:4      | Reached skill level 6 in Axes
  2397 | D:4      | Reached XP level 7. HP: 51/52 MP: 7/7
  2489 | D:4      | Reached skill level 5 in Armour
  2875 | D:4      | Found the +4 robe of Augmentation {Str+4 Int+4 Dex+4}
  3011 | D:5      | Entered Level 5 of the Dungeon
  3130 | D:5      | Found the +3 warlock's mirror {reflect}
  3315 | D:5      | Reached skill level 7 in Axes
  3584 | D:5      | Reached XP level 8. HP: 31/58 MP: 8/8
  4240 | D:6      | Reached skill level 8 in Axes
  4590 | D:6      | Found a runed translucent door.
  4608 | D:6      | Noticed hikkokomori's ghost (novice GrEE)
  4656 | D:6      | Noticed Blork the orc
  4673 | D:6      | Killed Blork the orc
  4674 | D:6      | Reached XP level 9. HP: 37/64 MP: 9/9
  5023 | D:7      | Reached skill level 9 in Axes
  5205 | D:7      | Reached skill level 10 in Axes
  5233 | D:7      | You fall into a shaft and drop 2 floors!
  5341 | D:9      | Identified the +10 whip "Viubetuk" {freeze, Int+6}
  5433 | D:8      | Found a glowing silver altar of Zin.
  5433 | D:8      | Found a stormy altar of Qazlal.
  5433 | D:8      | Found a burning altar of Makhleb.
  5443 | D:8      | Found an ornate altar of the Wu Jian Council.
  5443 | D:8      | Found an opulent altar of Gozag.
  5560 | D:7      | Found a staircase to the Ecumenical Temple.
  5900 | Temple   | Entered the Ecumenical Temple
  6080 | Temple   | Became a worshipper of Warmaster Okawaru
  6248 | D:8      | Noticed an elephant
  6286 | D:8      | Reached skill level 11 in Axes
  6286 | D:8      | Reached XP level 10. HP: 37/70 MP: 10/10
  6301 | D:8      | Killed an elephant
  6302 | D:8      | Reached skill level 1 in Invocations
  6395 | D:8      | Reached * piety under Okawaru
  6406 | D:8      | Found a staircase to the Lair.
  6684 | D:8      | Reached skill level 12 in Axes
  7314 | D:9      | Reached ** piety under Okawaru
  7866 | D:9      | Found a sacrificial altar of Ru.
  7877 | D:9      | Reached *** piety under Okawaru
  7878 | D:9      | Reached XP level 11. HP: 41/75 MP: 14/14
  8154 | D:9      | Noticed a two-headed ogre
  8163 | D:9      | Killed a two-headed ogre
  8164 | D:9      | Reached skill level 13 in Axes
  8164 | D:9      | Reached skill level 5 in Invocations
  8209 | D:9      | Noticed Gastronok
  8230 | D:9      | Killed Gastronok
  8416 | D:10     | Entered Level 10 of the Dungeon
  8446 | D:10     | Found Puanutieho's General Store.
  8461 | D:10     | Noticed a two-headed ogre
  8469 | D:10     | Killed a two-headed ogre
  8469 | D:10     | Reached **** piety under Okawaru
  8470 | D:10     | Reached skill level 10 in Armour
  8519 | D:10     | Reached skill level 14 in Axes
  8658 | D:10     | Found Vuatufuf's Jewellery Shop.
  8809 | D:10     | Found Res Duef's Book Boutique.
  9233 | D:11     | Reached ***** piety under Okawaru
  9233 | D:11     | Received a gift from Okawaru
  9256 | D:11     | Noticed a seven-headed hydra
  9430 | D:11     | Reached XP level 12. HP: 65/81 MP: 17/17
  9446 | D:11     | Noticed a boulder beetle
  9564 | D:11     | Killed an eight-headed hydra
  9678 | D:12     | Noticed Sonja
  9701 | D:12     | Noticed a seven-headed hydra
  9869 | D:11     | Killed a boulder beetle
  9953 | Lair:1   | Entered Level 1 of the Lair of Beasts
  9971 | Lair:1   | Reached skill level 15 in Axes
 10353 | Lair:1   | Reached skill level 5 in Fighting
 10635 | Lair:1   | Received a gift from Okawaru
 11065 | Lair:2   | Reached skill level 16 in Axes
 11169 | Lair:2   | Reached XP level 13. HP: 70/94 MP: 19/19
 11185 | Lair:2   | Found a staircase to the Snake Pit.
 11558 | Lair:2   | Noticed a boulder beetle
 11579 | Lair:2   | Killed a boulder beetle
 11853 | Lair:3   | Received a gift from Okawaru
 11986 | Lair:3   | Noticed an eight-headed hydra
 12193 | D:12     | Noticed Maurice
 12194 | D:12     | Killed a 15-headed hydra
 12195 | D:12     | Reached skill level 17 in Axes
 12197 | D:12     | Reached skill level 1 in Throwing
 12206 | D:12     | Found a staircase to the Orcish Mines.
 12240 | D:12     | Killed Maurice
 12294 | D:12     | Killed Sonja
 12537 | D:12     | Found an iron altar of Okawaru.
 12828 | D:13     | Found a frozen archway.
 12846 | IceCv    | Entered an ice cave
 12908 | D:13     | Noticed a six-headed hydra
 12928 | D:13     | Killed an 18-headed hydra
 13003 | D:13     | Noticed a centaur warrior
 13010 | D:13     | Killed a centaur warrior
 13530 | D:14     | Noticed a centaur warrior
 13539 | D:14     | Killed a centaur warrior
 13540 | D:14     | Reached XP level 14. HP: 53/108 MP: 20/20
 13754 | D:14     | Received a gift from Okawaru
 13769 | D:14     | Reached skill level 18 in Axes
 13868 | D:14     | Found Mosysuef's Book Shoppe.
 14142 | D:14     | Noticed Kirke
 14161 | D:14     | Killed Kirke
 14440 | D:14     | Reached skill level 10 in Fighting
 14450 | D:14     | Reached skill level 5 in Throwing
 14460 | D:14     | Found a gate to the Vaults.
 14568 | D:15     | Entered Level 15 of the Dungeon
 14571 | D:15     | Noticed Agnes
 14584 | D:15     | Killed Agnes
 14584 | D:15     | Received a gift from Okawaru
 14869 | D:15     | Found a gate leading to a gauntlet.
 14904 | D:15     | Reached skill level 19 in Axes
 14914 | Gauntlet | Entered a Gauntlet
 14914 | Gauntlet | Found a transporter.
 14914 | Gauntlet | Found a transporter.
 14914 | Gauntlet | Found a transporter.
 15004 | Gauntlet | Found a transporter.
 15007 | Gauntlet | Found a transporter.
 15007 | Gauntlet | Found a transporter.
 15009 | Gauntlet | Found a large runed translucent door.
 15010 | Gauntlet | Found a large runed translucent door.
 15011 | Gauntlet | Found a large runed translucent door.
 15011 | Gauntlet | Found a large runed translucent door.
 15011 | Gauntlet | Found a runed translucent door.
 15011 | Gauntlet | Found a runed translucent door.
 15012 | Gauntlet | Found a large runed translucent door.
 15012 | Gauntlet | Found a large runed translucent door.
 15012 | Gauntlet | Found a large runed translucent door.
 15012 | Gauntlet | Found a large runed translucent door.
 15013 | Gauntlet | Found a large runed translucent door.
 15013 | Gauntlet | Found a large runed translucent door.
 15014 | Gauntlet | Found a large runed translucent door.
 15014 | Gauntlet | Found a large runed translucent door.
 15015 | Gauntlet | Found a runed translucent gate.
 15015 | Gauntlet | Found a runed translucent gate.
 15015 | Gauntlet | Found a runed translucent gate.
 15017 | Gauntlet | Found a transporter.
 15021 | Gauntlet | Found a transporter.
 15037 | Gauntlet | Found a transporter.
 15037 | Gauntlet | Found a transporter.
 15055 | Gauntlet | Found a transporter.
 15059 | Gauntlet | Found a transporter.
 15126 | Gauntlet | Found a large runed translucent door.
 15126 | Gauntlet | Found a large runed translucent door.
 15129 | Gauntlet | Found a large runed translucent door.
 15129 | Gauntlet | Found a large runed translucent door.
 15411 | Gauntlet | Identified the ring "Yzeme" {Will+ EV+4 Int+3 Dex-2}
 15422 | Gauntlet | Noticed a minotaur
 15434 | Gauntlet | Killed a minotaur
 15465 | D:15     | Received a gift from Okawaru
 15466 | D:15     | Reached XP level 15. HP: 42/114 MP: 18/21
 15507 | D:15     | Received a gift from Okawaru
 15507 | D:15     | Found the +3 pair of mountain boots {steadfast, rC+}
 15661 | D:15     | Noticed a stone giant
 15672 | D:15     | Killed a stone giant
 15685 | D:15     | Found a staircase to the Depths.
 15912 | D:15     | Found a burning altar of Makhleb.
 16292 | Lair:3   | Identified the +6 dagger of Dissolution {elec, rPois rCorr
                  | Str-2 SInv}
 16375 | Lair:3   | Reached skill level 20 in Axes
 16653 | Lair:3   | Found a staircase to the Swamp.
 17069 | Lair:4   | Received a gift from Okawaru
 17217 | Lair:4   | Learned a level 2 spell: Wereblood
 17392 | Lair:4   | Identified the +5 war axe of Demonkind {holy, Str+3 Int+3}
                  | (Okawaru gifted it to you on level 4 of the Lair of Beasts)
 17392 | Lair:4   | Received a gift from Okawaru
 17468 | Lair:4   | Reached XP level 16. HP: 120/131 MP: 22/22
 17674 | Lair:4   | Identified the +4 robe "Esyr" {Regen+ Str-5 Int+7}
 17744 | Lair:4   | Found a runed translucent door.
 17747 | Lair:4   | Found a staircase to the Slime Pits.
 17747 | Lair:4   | Noticed an acid blob
 17747 | Lair:4   | Noticed an acid blob
 17747 | Lair:4   | Noticed an acid blob
 18261 | Orc:1    | Entered Level 1 of the Orcish Mines
 18710 | Orc:2    | Entered Level 2 of the Orcish Mines
 18736 | Orc:2    | Found Vodd's Armour Shop.
 18736 | Orc:2    | Found Ocujosing's Weapon Shoppe.
 18742 | Orc:2    | Reached skill level 15 in Fighting
 18745 | Orc:2    | Found a radiant altar of Vehumet.
 18745 | Orc:2    | Found Xuvie's Weapon Shoppe.
 18745 | Orc:2    | Found Iginocs's Jewellery Boutique.
 18750 | Orc:2    | Reached skill level 5 in Shields
 18752 | Orc:2    | Reached ****** piety under Okawaru
 18752 | Orc:2    | Received a gift from Okawaru
 18766 | Orc:2    | Received a gift from Okawaru
 18950 | Orc:2    | Found a staircase to the Elven Halls.
 19543 | Swamp:1  | Entered Level 1 of the Swamp
 19760 | Swamp:1  | Received a gift from Okawaru
 20358 | Swamp:2  | Reached XP level 17. HP: 119/144 MP: 15/23
 20403 | Swamp:2  | Identified the +5 glaive of Havoc {distort, rC+}
 20604 | Swamp:2  | Noticed Mlioglotl
 20610 | Arena    | Entered the Arena
 20622 | Arena    | Killed Mlioglotl
 20639 | Swamp:2  | Noticed Frances
 20660 | Swamp:2  | Killed from afar by Frances

Illustrated notes

Levels and vault maps discovered:
D:1:      minmay_arrival_glassed_features, layout_basic,
          dreamdust_ecumenical_altar_angels_and_demons, minivault_23,
          kennysheep_decorative_pillar
D:2:      layout_basic
D:3:      lemuel_castle_with_subvaults [lemuel_castle_interior_original],
          layout_basic, minmay_misc_feat_five
D:4:      layout_loops_ring, eino_small_chamber_without_monster,
          grunt_ministairs_6
D:5:      layout_loops_ring
D:6:      layout_basic, ebering_ghost_reflecting_pool, uniq_blork_the_orc
D:7:      layout_cave_pools, minmay_temple_entry_trees, minmay_fountain_box
D:8:      old_forge, layout_basic, grunt_temple_overflow_open,
          david_lair_generic, hangedman_abyss_or_decor_passed
D:9:      layout_basic, nicolae_ru_awakened_eye, uniq_gastronok
D:10:     layout_cave_pools, serial_shops, nicolae_shop_stone,
          nicolae_shop_behind_doors, kennysheep_little_box, dk_vineyard_2,
          kennysheep_generic_room_8
D:11:     layout_cave_pools
D:12:     layout_cave_pools, david_orc_5, kennysheep_okawaru_gauntlet,
          uniq_maurice, uniq_sonja
D:13:     layout_rooms, portal_ice_cave_rime, kennysheep_cross_room,
          grunt_decor_one_mirror
D:14:     layout_irregular_city, ximxim_vaults_locker_room, serial_shops, shop,
          nicolae_sextant, uniq_kirke
D:15:     grunt_enter_depths_snipers, layout_loops_ring, gauntlet_entry_generic,
          makhleb_altar_promises_db, uniq_agnes
Temple:   regret_index_temple_sphere_string
Lair:1:   lemuel_slime, layout_chaotic_city, st_stairs_12, serial_bayou_pond_c,
          nicolae_quartered_pool_medium, lemuel_fruit_fields
Lair:2:   layout_gridlike, guppyfry_snake_entry_island
Lair:3:   minmay_lair_oklob_tunnel, layout_chaotic_city,
          nicolae_swamp_entry_splash_gauntlet
Lair:4:   layout_roguey, slime_entry_2
Swamp:1:  nicolae_swamp_long_stream, layout_falls_marsh,
          evilmike_swamp_ruin_house_3, swamp_pool2
Swamp:2:  layout_falls_marsh, infiniplex_staircase_pool_2, uniq_mlioglotl,
          uniq_frances
Orc:1:    layout_caves, mines1_david
Orc:2:    st_orc_ogre_mass, layout_caves, basic_altar

Skill      XL: |  1  2  3  4  5  6  7  8  9 10 11 12 13 14 15 16 17 |
---------------+----------------------------------------------------+-----
Armour         | 4 5 7 8 9 10 11 12 | 12.7
Axes           | 3 4 6 7 8 11 12 14 16 17 19 20 | 20.0
Invocations    | 4 6 8 |  8.0
Fighting       | 6 9 10 13 16 | 16.0
Throwing       | 3 5 8 |  8.0
Shields        | 7 9 |  9.1

Action                   |  1- 3 |  4- 6 |  7- 9 | 10-12 | 13-15 | 16-18 || total
-------------------------+-------+-------+-------+-------+-------+-------++-------
Melee: War axe           |    64 |    89 |   313 |   320 |       |       ||   786
       Battleaxe         |       |       |       |   250 |   693 |   332 ||  1275
Throw: Boomerang         |       |       |       |     6 |     7 |       ||    13
Invok: Heroism           |       |       |       |     7 |    28 |     7 ||    42
       Finesse           |       |       |       |     4 |     9 |     6 ||    19
       Duel              |       |       |       |       |       |     1 ||     1
 Abil: Dig               |       |       |     1 |       |     1 |       ||     2
Evoke: Wand              |       |       |     3 |     5 |       |       ||     8
  Use: Scroll            |     1 |     5 |    11 |     7 |     7 |     1 ||    32
       Potion            |       |     2 |     3 |     5 |     5 |     3 ||    18
 Stab: Invisible         |       |       |     3 |    17 |    15 |       ||    35
       Petrified         |       |       |       |     4 |     7 |       ||    11
       Petrifying        |       |       |       |       |     1 |       ||     1
       Fleeing           |       |       |       |       |     1 |       ||     1
Armor: Scale mail        |    38 |    51 |   159 |    70 |       |       ||   318
       Skin              |       |     6 |       |       |       |       ||     6
       Plate armour      |       |       |       |   222 |   354 |   215 ||   791
Dodge: Dodged            |    46 |    54 |   158 |   224 |   251 |   197 ||   930
Block: Buckler           |    21 |    28 |   154 |   297 |   302 |   168 ||   970
       Reflection        |       |       |     6 |     5 |    18 |     9 ||    38
       Tower shield      |       |       |       |       |       |    18 ||    18

Table legend: (Time is in decaauts)
 A = Elapsed time spent in this place.
 B = Non-inter-level travel time spent in this place.
 C = Inter-level travel time spent in this place.
 D = Time resting spent in this place.
 E = Time spent auto-exploring this place.
 F = Levels seen in this place.
 G = Mean time per level.
                   A        B        C        D        E       F      G
               +--------+--------+--------+--------+--------+-----+--------+
         Total |  20419 |  18590 |   1829 |    856 |  12942 |  27 |  756.3 |
       Dungeon |  13609 |  12209 |   1400 |    545 |   8557 |  15 |  907.3 |
        Temple |    205 |    175 |     30 |      0 |    127 |   1 |  205.0 |
          Lair |   3921 |   3590 |    331 |    153 |   2554 |   4 |  980.2 |
         Swamp |   1103 |   1098 |      5 |    158 |    670 |   2 |  551.5 |
  Orcish Mines |   1029 |    967 |     62 |      0 |    804 |   2 |  514.5 |
      Ice Cave |      4 |      4 |      0 |      0 |      0 |   1 |    4.0 |
      Gauntlet |    524 |    524 |      0 |      0 |    230 |   1 |  524.0 |
         Arena |     21 |     21 |      0 |      0 |      0 |   1 |   21.0 |
               +--------+--------+--------+--------+--------+-----+--------+

Top non-repeatable levels by time:
     D:8: 1475 daAuts
     D:9: 1198 daAuts
     D:6: 1169 daAuts
    D:14: 1112 daAuts
  Lair:3: 1024 daAuts
  Lair:4: 1007 daAuts
  Lair:1: 958 daAuts
     D:5: 932 daAuts
  Lair:2: 931 daAuts
     D:2: 916 daAuts
    D:15: 867 daAuts
    D:10: 859 daAuts
     D:4: 846 daAuts
 Swamp:1: 789 daAuts
     D:1: 758 daAuts
